 Dungeon Crawl Stone Soup version 0.29-a0-410-g9596d59a08 (webtiles) character file.

Game seed: 15877347074518015895

199 Ge0ff the Cudgeller (level 5, -2/33 HPs)
             Began as a Gargoyle Monk on May 14, 2022.
             Was a Priest of Qazlal.
             Splashed by a jelly's acid (7 damage)
             ... on level 5 of the Dungeon.
             The game lasted 00:04:41 (2890 turns).

Ge0ff the Cudgeller (Gargoyle Monk)                 Turns: 2890, Time: 00:04:41

Health: -2/33      AC:  8    Str: 16    XL:     5   Next: 77%
Magic:  5/5        EV: 19    Int: 11    God:    Qazlal [***...]
Gold:   129        SH:  4    Dex: 12    Spells: 4/4 levels left

rFire   + . .      SeeInvis .   (weapon currently unavailable)
rCold   . . .      Faith    .   (shield currently unavailable)
rNeg    + + +      Spirit   .   (body armour currently unavailable)
rPois   ∞          Reflect  .   (helmet currently unavailable)
rElec   .          Harm     .   (cloak currently unavailable)
rCorr   .          Rampage  .   (gloves currently unavailable)
Will    .....                   (boots currently unavailable)
Stlth   +.........              (no amulet)
HPRegen 0.11/turn               t - ring of protection from fire
MPRegen 0.09/turn               (no ring)

@: fungus-form, corroded
A: melee confuse, terrified, no casting, sickness immunity, AC +4, tiny,
negative energy resistance 1, (electricity resistance), torment resistance 1,
petrification resistance
a: Renounce Religion, Upheaval, Elemental Force


You were on level 5 of the Dungeon.
You worshipped Qazlal.
Qazlal was most pleased with you.
You were a sentient fungus.
You visited 1 branch of the dungeon, and saw 5 of its levels.

You collected 129 gold pieces.

Inventory:

Hand Weapons
 a - a +0 mace (melded)
Armour
 b - a +0 robe
 s - a +0 ring mail
 v - a +0 scale mail (melded)
 x - a scarf of harm
 A - a +0 plate armour
Jewellery
 t - a ring of protection from fire (left hypha)
Wands
 j - a wand of acid (11)
Scrolls
 B - a scroll of blinking
 C - a scroll of noise {unknown}
Potions
 q - a potion of curing
 z - a potion of brilliance


   Skills:
 - Level 4.0 Fighting
 + Level 5.5 Maces & Flails
 - Level 2.0 Armour
 - Level 2.4 Dodging
 - Level 2.1 Stealth


You had 4 spell levels left.
You didn't know any spells.
Your spell library contained the following spells:

 Spells                   Type           Power      Damage    Failure   Level
 Freezing Cloud           Conj/Ice/Air   0%         6-21      100%        5
 Simulacrum               Ice/Necr       0%         N/A       100%        6
 Polar Vortex             Ice            0%         N/A       100%        9


Dungeon Overview and Level Annotations

Branches:
Dungeon (5/15)
 Temple: D:4-7

Altars:
Nemelex Xobeh
Qazlal
Uskayaw

Annotations:
D:5 Ijyb


Innate Abilities, Weirdness & Mutations

You are a sentient fungus.
You are tiny and evasive.
Your melee attack releases spores that confuse breathing creatures.
You become terrified and freeze when enemies are visible.
Your armour is entirely melded.
You are incapable of wielding weapons or throwing items.
You cannot cast spells.
You are immune to sickness and miasma.
((Your stone body is resilient. (AC +4)))
You are immune to poison.
You resist negative energy. (rN+)
((You are resistant to electric shocks. (rElec)))
You are resistant to unholy torment.
You are immune to petrification.


Message History

You slide downwards.
The hatch slams shut behind you.
You hear the sound of rushing water.
There is an entrance to a sewer on this level.
Hurry and find it before the portal rusts away!
Found a stone staircase leading up.
You hit the hobgoblin.
The hobgoblin is lightly wounded.
You block the hobgoblin's attack.
You hit the hobgoblin.
You kill the hobgoblin!
Qazlal accepts your kill.
You see here a hobgoblin corpse.
A dart slug comes into view.
Found a scroll labelled JAJOUL ENIU.
You sock the dart slug!
The dart slug is severely wounded.
The dart slug closely misses you.
You sock the dart slug!
You kill the dart slug!
Qazlal accepts your kill.
C - a scroll labelled JAJOUL ENIU You open the door.
Found a hide-covered altar of Uskayaw.
There is an open door here.
There is an open door here.
You hear the slow rusting of a very distant drain.
A jelly comes into view.
The jelly quivers.
Ijyb the Twisted Goblin comes into view.
She is wielding a +0 club and carrying a wand of polymorph (6).
Ijyb shouts!
Ijyb zaps a wand.
You turn into a sentient fungus.
Your +0 mace melds into your body.
Your +0 scale mail melds into your body.
You're too terrified to move while being watched!
Ijyb hits you but does no damage. Ijyb misses you.
The jelly completely misses you. Ijyb hits you but does no damage.
The jelly closely misses you. Ijyb hits you but does no damage.
The jelly misses you.
An orc comes into view. It is wielding a +0 club.
You block Ijyb's attack.
You hear an angry hiss.
The jelly hits you.
You are splashed with acid!
* * * LOW HITPOINT WARNING * * *
Ijyb completely misses you. The jelly hits you.
* * * LOW HITPOINT WARNING * * *
The acid corrodes you!
You are splashed with acid!
You die...

### ## #
#.. . #.
#.# .#
.##.##.
.....
.o.####..
#Jg......
#f# #.#
#.# ##.##
##...##
#.....#
##...##
##.## #.#


You could see Ijyb, a jelly and an orc.

Vanquished Creatures
  A scorpion (D:4)
  An iguana (D:2)
  5 adders
  A worm (D:2)
  3 dart slugs
  4 bats
  6 endoplasms
  3 giant cockroaches
  7 goblins
  6 hobgoblins
  4 jackals (D:4)
  5 kobolds
  2 quokkas
  6 ball pythons
  2 frilled lizards
  3 rats
59 creatures vanquished.

Vanquished Creatures (others)
  3 plants (D:1)
3 creatures vanquished.

Grand Total: 62 creatures vanquished

Notes
Turn   | Place    | Note
-------+----------+-------------------------------------------
     0 | D:1      | Ge0ff the Gargoyle Monk began the quest for the Orb.
     0 | D:1      | Reached XP level 1. HP: 14/14 MP: 1/1
   448 | D:1      | Reached XP level 2. HP: 19/19 MP: 2/2
   921 | D:1      | You fall into a shaft and drop 1 floor!
   940 | D:2      | Reached skill level 4 in Maces & Flails
   947 | D:2      | Reached XP level 3. HP: 17/23 MP: 3/3
  1157 | D:2      | Reached XP level 4. HP: 28/28 MP: 4/4
  1492 | D:2      | Reached skill level 5 in Maces & Flails
  2169 | D:2      | Reached skill level 1 in Armour
  2303 | D:2      | Found a faded altar of an unknown god.
  2311 | D:2      | Prayed at the altar of an unknown god.
  2311 | D:2      | Became a worshipper of Qazlal Stormbringer
  2311 | D:2      | Reached * piety under Qazlal
  2311 | D:2      | Reached ** piety under Qazlal
  2375 | D:3      | Reached XP level 5. HP: 32/33 MP: 5/5
  2739 | D:4      | Reached *** piety under Qazlal
  2821 | D:4      | Found a sparkling altar of Nemelex Xobeh.
  2826 | D:5      | Entered Level 5 of the Dungeon
  2842 | D:5      | Noticed a +0 short sword
  2842 | D:5      | Noticed a +0 falchion
  2850 | D:5      | Found a hide-covered altar of Uskayaw.
  2850 | D:5      | Noticed a +0 dagger
  2850 | D:5      | Noticed a +0 spear
  2850 | D:5      | Noticed a +0 dagger
  2851 | D:5      | Noticed a +0 falchion
  2852 | D:5      | Noticed a +0 short sword
  2858 | D:5      | Noticed a +0 spear
  2882 | D:5      | Noticed Ijyb
  2890 | D:5      | Splashed by a jelly's acid

Illustrated notes

Levels and vault maps discovered:
D:1:      lightli_arrival_statuegarden, layout_basic, serial_bayou_pond_c
D:2:      minmay_recursive_quarters, layout_loops_ring,
          hellmonk_ecumenical_altar_crossroads, minmay_tree_intersection
D:3:      layout_basic
D:4:      layout_loops_corners, amcnicky_altar_gilded, nicolae_ru_path_of_blood,
          minmay_temple_entry_proselytizer, nicolae_specific_store
D:5:      layout_loops_ring, mainiacjoe_overflow_boulevard,
          grunt_gozag_breadcrumbs, nicolae_uskayaw_en_pointe,
          portal_sewer_entry_e, minmay_misc_feat_rows, nicolae_shop_clearance,
          uniq_ijyb

Skill      XL: |  1  2  3  4  5 |
---------------+----------------+-----
Maces & Flails | 4 5 |  5.5
Armour         | 1 2 |  2.0
Fighting       | 4 |  4.0
Dodging        | |  2.4
Stealth        | |  2.1

Action                   |  1- 3 |  4- 6 || total
-------------------------+-------+-------++-------
Melee: Mace              |    82 |    96 ||   178
       Punch             |     1 |       ||     1
  Use: Scroll            |     4 |     3 ||     7
       Potion            |     1 |       ||     1
Armor: Robe              |     5 |       ||     5
       Ring mail         |    22 |    18 ||    40
       Scale mail        |       |   107 ||   107
       Skin              |       |     3 ||     3
Dodge: Dodged            |    64 |   137 ||   201
Block: Other             |       |    38 ||    38

Table legend: (Time is in decaauts)
 A = Elapsed time spent in this place.
 B = Non-inter-level travel time spent in this place.
 C = Inter-level travel time spent in this place.
 D = Time resting spent in this place.
 E = Time spent auto-exploring this place.
 F = Levels seen in this place.
 G = Mean time per level.
                   A        B        C        D        E       F      G
               +--------+--------+--------+--------+--------+-----+--------+
         Total |   2926 |   2922 |      4 |    544 |   1534 |   5 |  585.2 |
       Dungeon |   2926 |   2922 |      4 |    544 |   1534 |   5 |  585.2 |
               +--------+--------+--------+--------+--------+-----+--------+

Top non-repeatable levels by time:
     D:1: 1266 daAuts
     D:2: 1096 daAuts
     D:3: 397 daAuts
     D:4: 101 daAuts
     D:5: 64 daAuts
